 Dungeon Crawl Stone Soup version 0.23.0 (webtiles) character file.

Game seed: 8919546810413346376

1607 Monsterracer the Slicer (level 9, -6/54 HPs)
             Began as a Kobold Artificer on Feb 17, 2019.
             Killed by divine providence
             ... invoked by an orc priest
              (14 damage)
             ... on level 5 of the Dungeon.
             The game lasted 00:07:40 (5971 turns).

Monsterracer the Slicer (Kobold Artificer)          Turns: 5971, Time: 00:07:41

Health: -6/54      AC:  7    Str: 17    XL:     9   Next: 16%
Magic:  13/13      EV: 16    Int: 12    God:
Gold:   225        SH:  0    Dex: 16    Spells: 8/8 levels left

rFire    . . .     SeeInvis .   a - +3 dagger (venom)
rCold    . . .     Gourm    .   (shield restricted)
rNeg     . . .     Faith    .   m - +0 ring mail
rPois    .         Spirit   .   n - +0 helmet
rElec    .         Reflect  .   (no cloak)
rCorr    .         Harm     .   (no gloves)
MR       +....                  l - +0 pair of boots
Stlth    ++........             (no amulet)
HPRegen  0.18/turn              M - ring of protection from magic
MPRegen  0.13/turn              q - +5 ring of strength

@: no status effects
A: small, carnivore
a: no special abilities


You were on level 5 of the Dungeon.
You were completely stuffed.

You visited 1 branch of the dungeon, and saw 5 of its levels.

You collected 225 gold pieces.

Inventory:

Hand Weapons
 a - a +3 dagger of venom (weapon)
 b - a +0 dagger of holy wrath
 w - a +0 dagger of draining
Armour
 l - a +0 pair of boots (worn)
 m - a +0 ring mail (worn)
 n - a +0 helmet (worn)
Jewellery
 q - a +5 ring of strength (right hand)
 M - a ring of protection from magic (left hand)
Wands
 d - a wand of enslavement (13)
 g - a wand of random effects (10)
 s - a wand of flame (22)
Scrolls
 p - 2 scrolls of enchant weapon
 r - 2 scrolls of remove curse
 t - 4 scrolls of teleportation {!r}
Potions
 e - 3 potions of curing
 h - a potion of berserk rage {!q}
 i - a potion of lignification
 o - a potion of ambrosia {unknown}
Comestibles
 c - 5 rations
 k - 4 chunks of flesh


   Skills:
 + Level 5.4 Fighting
 * Level 9.6 Short Blades
 + Level 5.0 Dodging
 + Level 5.4 Stealth
 + Level 5.6 Evocations


You had 8 spell levels left.
You didn't know any spells.
Your spell library was empty.

Dungeon Overview and Level Annotations

Branches:
Dungeon (5/15)
 Temple: D:4-7

Altars:
Elyvilon
Nemelex Xobeh
Okawaru
Trog
Wu Jian
Xom


Innate Abilities, Weirdness & Mutations

You are small and have problems with some larger weapons.
You are carnivorous and can eat meat at any time.


Message History

You open the door.
There is an open door here.
You open the door.
There is an open door here.
You open the door.
There is an open door here.
You open the door.
There is an open door here.
You open the door.
There is an open door here.
As you open the door, it creaks loudly!
There is an open door here.
There is an open door here.
You open the door.
There is an open door here.
f - a scroll of identify;
s - a wand of flame (22)
f - 2 scrolls of identify (gained 1)
An orc comes into view. It is wielding a +0 whip.
An orc is nearby!
As you read the scroll of identify, it crumbles to dust.
j - 2 potions of degeneration
As you read the scroll of identify, it crumbles to dust.
h - a potion of berserk rage Drop what? 21/52 slots (_ for help) (? for menu, Esc to quit)
You drop 2 potions of degeneration.
An orc comes into view.
The orc hits you but does no damage.
Found a ration.
The orc shouts!
You hit the orc.
The orc is poisoned.
The orc is heavily wounded.
Something shouts, "Get thee gone, thou puny doghearted jarkman!"
An orc priest comes into view.
It is wielding a +0 flail of protection.
An orc wizard comes into view. It is wielding a +0 dagger.
The orc wizard shouts!
The orc priest shouts!
You hit the orc but do no damage.
The orc is heavily wounded.
You hear a shout!
The orc hits you with a +0 whip.
You take 1 damage, and have 53/54 hp.
There are monsters nearby!
You hit the orc.
The orc looks as sick as possible!
The orc is heavily wounded.
You closely miss the orc.
The orc is severely wounded.
The orc barely misses you.
You hit the orc.
You kill the orc!
The orc wizard gestures wildly while chanting.
The orc wizard seems to speed up.
An orc priest comes into view.
Things that are here:
a +0 whip; a +0 leather armour; a metallic amethyst potion The orc wizard casts a spell at you.
The puff of flame hits you! The orc misses you.
Found a ration.
You take 13 damage, and have 40/54 hp.
MASSIVE DAMAGE!!
You barely miss the orc.
The orc priest mumbles some strange prayers to Beogh against you.
You easily resist.
Things that are here:
a +0 whip; a +0 leather armour; a metallic amethyst potion The orc priest looks braver for a moment.
The orc priest casts a cantrip, but nothing happens.
The orc priest looks satisfied for a moment.
The orc wizard hits you but does no damage.
The orc priest mumbles some strange prayers to Beogh against you.
Beogh smites you! The orc wizard barely misses you.
You take 13 damage, and have 28/54 hp.
MASSIVE DAMAGE!!
The orc wizard points at you and mumbles some strange words.
The magic dart hits you.
* * * LOW HITPOINT WARNING * * *
You take 1 damage, and have 27/54 hp.
Unknown command.
Evoke which item? (* to show all) (? for menu, Esc to quit)
Aiming: Enslavement
Press: ? - help, Shift-Dir - straight line, f - orc wizard
Aim: an orc wizard, wielding a +0 dagger and wearing a cursed +0 robe (fast, chance to defeat MR: 62%)
The orc wizard resists with significant effort.
The orc wizard points at you and mumbles some strange words.
The magic dart hits you!
* * * LOW HITPOINT WARNING * * *
The orc wizard hits you but does no damage.
You take 7 damage, and have 20/54 hp.
Unknown command.
Evoke which item? (* to show all) (? for menu, Esc to quit)
Aiming: Enslavement
Press: ? - help, Shift-Dir - straight line, f/p - orc wizard
Aim: an orc wizard, wielding a +0 dagger and wearing a cursed +0 robe (fast, chance to defeat MR: 62%)
The orc wizard is charmed.
The orc closely misses your orc wizard.
Your orc wizard hits the orc with a +0 dagger.
The orc priest invokes the aid of Beogh against you.
Beogh smites you!
* * * LOW HITPOINT WARNING * * *
You take 12 damage, and have 8/54 hp.
MASSIVE DAMAGE!!
Unknown command.
You open the door.
Your orc wizard barely misses the orc.
The orc barely misses your orc wizard.
The orc priest invokes the aid of Beogh against you.
Beogh smites you!
You die...

###..# .....# #....# .....#
#....## .....# #.....#
...... #.....## ......
#########......# ......
#.............!####......
###.#######..o.....).......
#.........@ooo.............
#.#######'#######........%.
#.# #.# #.......... #.#
#####.##### #.......... #.#
#...'.'...# #.......##. #.#
#.###.###.# #.......# # #.#
#.# #.# #.# #.......#..
#.###'###.###'###.......#..
#.'.............+.....)....


You could see 2 orc priests, an orc and a friendly orc wizard.

Vanquished Creatures
  Pikel (D:4)
  Sigmund (D:2)
  Menkaure (D:4)
  A slave (D:4)
  A phantom (D:4)
  An eye of draining (D:4)
  A centaur (D:5)
  A howler monkey (D:4)
  2 orc priests (D:4)
  A bullfrog skeleton (D:4)
  2 centaur skeletons
  2 iguanas
  4 worker ants
  Natasha (D:2)
  An orc wizard (D:4)
  Robin (D:4)
  A worker ant zombie (D:5)
  8 adders
  An ooze (D:3)
  An adder zombie (D:5)
  2 worms (D:3)
  A dart slug (D:4)
  2 leopard geckos
  23 orcs
  2 ball pythons
  10 giant cockroaches
  18 goblins
  9 hobgoblins
  2 jackals (D:1)
  6 bats
  4 frilled lizards
  15 kobolds
  12 rats
139 creatures vanquished.

Vanquished Creatures (others)
  A hound (D:5)
1 creature vanquished.

Grand Total: 140 creatures vanquished

Notes
Turn   | Place    | Note
-------+----------+-------------------------------------------
     0 | D:1      | Monsterracer the Kobold Artificer began the quest for the
                  | Orb.
     0 | D:1      | Reached XP level 1. HP: 12/12 MP: 3/3
    16 | D:1      | HP: 4/12 [jackal (3)]
    22 | D:1      | Reached skill level 2 in Short Blades
   291 | D:1      | Reached XP level 2. HP: 15/16 MP: 4/4
   670 | D:1      | Reached skill level 3 in Short Blades
   766 | D:1      | Reached XP level 3. HP: 21/21 MP: 5/5
  1244 | D:2      | Found an ornate altar of the Wu Jian Council.
  1443 | D:2      | Reached skill level 4 in Short Blades
  1443 | D:2      | Reached XP level 4. HP: 14/27 MP: 6/6
  1443 | D:2      | HP: 13/27 [poisoned by an adder]
  1451 | D:2      | HP: 12/27 [poisoned by an adder]
  1547 | D:2      | HP: 10/27 [goblin/+0 club (4)]
  1804 | D:2      | HP: 13/27 [poisoned by an adder]
  1812 | D:2      | HP: 12/27 [poisoned by an adder]
  1820 | D:2      | HP: 11/27 [poisoned by an adder]
  2275 | D:2      | Noticed Natasha
  2285 | D:2      | HP: 13/27 [Natasha/magic dart (2)]
  2286 | D:2      | HP: 6/27 [Natasha (7)]
  2287 | D:2      | Killed Natasha
  2287 | D:2      | Reached XP level 5. HP: 7/32 MP: 7/7
  2597 | D:2      | Noticed Sigmund
  2612 | D:2      | Found an iron altar of Okawaru.
  2654 | D:2      | Killed Sigmund
  2654 | D:2      | Reached skill level 6 in Short Blades
  2654 | D:2      | Reached XP level 6. HP: 38/38 MP: 8/8
  2831 | D:3      | HP: 19/38 [poisoned by a worker ant]
  2838 | D:3      | HP: 17/38 [poisoned by a worker ant]
  2844 | D:3      | HP: 16/38 [poisoned by a worker ant]
  2851 | D:3      | HP: 14/38 [poisoned by a worker ant]
  2882 | D:3      | HP: 14/38 [orc/+0 club (3)]
  2888 | D:3      | HP: 14/38 [orc/+0 club (1)]
  2896 | D:3      | HP: 13/38 [orc/+0 club (1)]
  3226 | D:3      | Found a sparkling altar of Nemelex Xobeh.
  3675 | D:3      | Reached XP level 7. HP: 42/42 MP: 9/9
  3830 | D:4      | Found a shimmering altar of Xom.
  3833 | D:4      | Found a bloodstained altar of Trog.
  3836 | D:4      | Found a white marble altar of Elyvilon.
  3847 | D:4      | Reached skill level 7 in Short Blades
  3885 | D:4      | HP: 21/43 [phantom (6)]
  4409 | D:4      | Noticed Robin
  4429 | D:4      | Killed Robin
  4523 | D:4      | Reached XP level 8. HP: 48/48 MP: 11/11
  4548 | D:4      | Noticed Menkaure
  4560 | D:4      | HP: 35/72 [Menkaure (2)]
  4565 | D:4      | Killed Menkaure
  4565 | D:4      | Reached skill level 8 in Short Blades
  4565 | D:4      | HP: 14/72 [orc priest/divine providence (10)]
  4826 | D:4      | Noticed Pikel
  4844 | D:4      | HP: 20/48 [Pikel/+1 whip of electrocution (15)]
  4848 | D:4      | Killed Pikel
  4848 | D:4      | Reached skill level 5 in Fighting
  4848 | D:4      | Reached skill level 9 in Short Blades
  4848 | D:4      | Reached skill level 5 in Evocations
  5248 | D:4      | Reached skill level 5 in Stealth
  5405 | D:4      | Reached XP level 9. HP: 54/54 MP: 13/13
  5505 | D:5      | Entered Level 5 of the Dungeon
  5572 | D:5      | HP: 25/54 [worker ant (4)]
  5577 | D:5      | HP: 21/54 [poisoned by a worker ant]
  5584 | D:5      | HP: 20/54 [poisoned by a worker ant]
  5591 | D:5      | HP: 19/54 [poisoned by a worker ant]
  5599 | D:4      | HP: 19/54 [poisoned by a worker ant]
  5839 | D:5      | Reached skill level 5 in Dodging
  5966 | D:5      | HP: 27/54 [orc wizard/magic dart (1)]
  5970 | D:5      | HP: 8/54 [orc priest/divine providence (13)]
  5971 | D:5      | Killed from afar by an orc priest

Skill      XL: |  1  2  3  4  5  6  7  8  9 |
---------------+----------------------------+-----
Short Blades   | 2 3 4 6 7 9 |  9.6
Fighting       | 2 3 4 5 |  5.4
Stealth        | 2 3 5 |  5.4
Dodging        | 3 4 5 |  5.0
Evocations     | 4 5 |  5.6

Action                   |  1- 3 |  4- 6 |  7- 9 || total
-------------------------+-------+-------+-------++-------
Melee: Short sword       |   169 |   210 |       ||   379
       Dagger            |       |    31 |   220 ||   251
       Unarmed           |       |       |    12 ||    12
Evoke: Wand              |       |     7 |     2 ||     9
  Use: Scroll            |       |     2 |    12 ||    14
       Potion            |       |       |     1 ||     1
 Stab: Sleeping          |     1 |       |     4 ||     5
  Eat: Chunk             |    10 |     8 |     7 ||    25
Armor: Leather armour    |    18 |       |       ||    18
       Ring mail         |    32 |    51 |    36 ||   119
       Skin              |       |       |     4 ||     4
Dodge: Dodged            |   123 |   114 |   132 ||   369

Levels and vault maps discovered:
D:1:      lemuel_arrival_behind_the_door_large, layout_basic
D:2:      layout_loops_ring, nicolae_overflow_crystal_walls, first_ration,
          st_stairs_4, kennysheep_okawaru_gauntlet, uniq_sigmund, uniq_natasha
D:3:      layout_rooms, lemuel_crystal_altar, minmay_fountain_box, st_stairs_10
D:4:      layout_loops_corners, grunt_temple_overflow_open, sigmund_army,
          uniq_menkaure, uniq_robin, uniq_pikel
D:5:      layout_rooms, kennysheep_mini, grunt_temple_overflow_cloverleaf,
          minmay_door_square, xom_confusion_cloud
